 Dungeon Crawl Stone Soup version 0.30.1-11-g7821555f0a (webtiles) character file.

Game seed: 16338918718279982606

112 melkoren the Chopper (level 4, -3/34 HPs)
             Began as a Demonspawn Gladiator on Dec 12, 2023.
             Slain by a gnoll
             ... wielding a +0 club
              (6 damage)
             ... on level 3 of the Dungeon.
             The game lasted 00:05:02 (2165 turns).

melkoren the Chopper (Demonspawn Gladiator)         Turns: 2165, Time: 00:05:03

Health: -3/34      AC: 17    Str: 15 (17) XL:     4   Next: 63%
Magic:  4/4        EV:  5    Int:  6 (9)  God:
Gold:   121        SH:  4    Dex: 14      Spells: 3/3 levels left

rFire   . . .        a - +0 war axe
rCold   + . .        (no shield)
rNeg    . . .        f - +1 plate armour
rPois   +            c - +0 helmet
rElec   .            r - +0 cloak
rCorr   .            (no gloves)
SInv    .            (no boots)
Will    .....        (no amulet) Stlth
                     i - ring of poison resistance
HPRegen 0.25/turn    k - +4 ring of protection
MPRegen 0.09/turn

%: no passive effects
@: no status effects
A: foul stench 1, condensation shield, cold resistance 1, wild magic 1
a: no special abilities


You were on level 3 of the Dungeon.
You visited 1 branch of the dungeon, and saw 3 of its levels.

You collected 121 gold pieces.

Inventory:

Hand Weapons
 a - a +0 war axe (weapon)
Missiles
 d - 3 throwing nets
 e - a javelin
 l - 2 poisoned darts (quivered)
Armour
 b - a +0 leather armour
 c - a +0 helmet (worn)
 f - a +1 plate armour (worn)
 r - a +0 cloak (worn)
Jewellery
 i - a ring of poison resistance (left hand)
 k - a +4 ring of protection (right hand)
Scrolls
 g - a scroll of enchant armour
 j - 2 scrolls of poison
Potions
 h - a potion of cancellation
 m - a potion of curing {unknown}
 n - a potion of invisibility {unknown}


   Skills:
 + Level 2.8 Fighting
 * Level 3.7 Axes
 - Level 2.0 Throwing
 + Level 1.2 Armour
 + Level 3.2 Dodging


You had 3 spell levels left.
You didn't know any spells.
Your spell library contained the following spells:

 Spells                   Type           Power      Damage    Failure   Level
 Ensorcelled Hibernation  Hex/Ice        0%         N/A       100%        2
 Spider Form              Tmut/Pois      0%         N/A       100%        3
 Anguish                  Hex/Necr       0%         N/A       100%        4


Dungeon Overview and Level Annotations

Branches:
Dungeon (3/15)

Altars:


Innate Abilities, Weirdness & Mutations

You may rarely emit foul miasma when damaged in melee.
A meltable shield of frost defends you. (SH +4)
Your flesh is cold resistant. (rC+)
Your spells are a little harder to cast, but a little more powerful.


Message History

The gnoll hits you with a +0 flail! The gnoll hits you but does no damage.
The gnoll shouts!
You hit the gnoll but do no damage. The gnoll hits you with a +0 flail.
The gnoll hits you but does no damage.
You barely miss the gnoll.
The gnoll hits you but does no damage. x2
You hit the gnoll but do no damage. You block the gnoll's attack.
The gnoll closely misses you.
The gnoll hits you from afar with a +0 spear.
You block the gnoll's attack.
You slash the gnoll!
The gnoll is almost dead.
The gnoll hits you but does no damage. x2
Unknown command.
You hit the gnoll.
The gnoll is almost dead.
The gnoll hits you with a +0 flail. The gnoll barely misses you.
You hit the gnoll but do no damage.
The gnoll is almost dead.
The gnoll hits you but does no damage.
The gnoll hits you from afar with a +0 spear.
The gnoll barely misses you. x2
You slash the gnoll!
You kill the gnoll!
The gnoll hits you from afar with a +0 spear.
Unknown command.
The gnoll hits you with a +0 club. The gnoll hits you with a +0 spear.
* * * LOW HITPOINT WARNING * * *
You see here a +0 flail.
You slash the gnoll!
The gnoll is severely wounded.
You hit the gnoll but do no damage. The gnoll barely misses you.
The gnoll hits you but does no damage.
You hit the gnoll.
The gnoll is almost dead.
You barely miss the gnoll. The gnoll hits you with a +0 club.
* * * LOW HITPOINT WARNING * * *
The gnoll hits you with a +0 spear.
* * * LOW HITPOINT WARNING * * *
The gnoll hits you with a +0 club.
You die...

####.# #.## #.# .......
#.. ...
################.#####.#
<#.. ..............#.#
.....
.gg........##.#.#######
.#...
.......................
.#...
#########.#.#.#.#######
...
.......gg............
.###
#######@#.#.#.########
...# #.#.#.#........+
.#.# #.#.#.########## .#
# #.#.#.# # #.#.#.#
#.#.#.# #...#.# #####.#
#..#.#


You could see 2 gnolls.

Vanquished Creatures
  2 gnolls (D:3)
  5 adders (D:2)
  2 dart slugs
  5 ball pythons
  6 bats
  2 endoplasms (D:1)
  A giant cockroach (D:2)
  5 goblins
  2 hobgoblins
  3 jackals (D:1)
  2 kobolds (D:1)
  5 frilled lizards
  6 rats
46 creatures vanquished.

Notes
Turn   | Place    | Note
-------+----------+-------------------------------------------
     0 | D:1      | melkoren the Demonspawn Gladiator began the quest for the
                  | Orb.
     0 | D:1      | Reached XP level 1. HP: 16/16 MP: 1/1
   130 | D:1      | Gained mutation: You may rarely emit foul miasma when
                  | damaged in melee. [demonic ancestry]
   130 | D:1      | Reached XP level 2. HP: 21/22 MP: 2/2
   513 | D:1      | Gained mutation: Your spells are a little harder to cast,
                  | but a little more powerful. [potion of mutation]
   513 | D:1      | Gained mutation: Your flesh is cold resistant. (rC+)
                  | [potion of mutation]
   778 | D:2      | Reached XP level 3. HP: 27/28 MP: 3/3
   875 | D:2      | Reached skill level 1 in Armour
   943 | D:2      | Gained mutation: A meltable shield of frost defends you.
                  | (SH +4) [demonic ancestry]
   943 | D:2      | Reached XP level 4. HP: 34/34 MP: 4/4
  2165 | D:3      | Slain by a gnoll

Illustrated notes

Levels and vault maps discovered:
D:1:      heliophobic_arrival_henge, layout_basic
D:2:      layout_basic, minmay_quadrilaterals
D:3:      layout_basic, lightli_corner_chamber

Skill      XL: |  1  2  3 |
---------------+----------+-----
Throwing       | 2 |  2.0
Axes           | 3 |  3.7
Dodging        | 3 |  3.2
Armour         | 1 |  1.2
Fighting       | |  2.8

Action                     |  1- 3 |  4- 6 || total
---------------------------+-------+-------++-------
  Melee: War axe           |    78 |    69 ||   147
         Punch             |       |     1 ||     1
    Use: Scroll            |     3 |     6 ||     9
         Potion            |     1 |     2 ||     3
 Armour: Plate armour      |    64 |    66 ||   130
         Leather armour    |     5 |       ||     5
         Skin              |     1 |       ||     1
  Dodge: Dodged            |    29 |    24 ||    53
  Block: Other             |       |    17 ||    17
